 Dungeon Crawl Stone Soup version 0.32-a0-999-gfa1cc04b1d (webtiles) character file.

Game seed: 4617542092616876161

10 jasper the Caller (level 2, 13/13 HPs)
             Began as a Spriggan Summoner on Apr 24, 2024.
             Quit the game on level 1 of the Dungeon.
             The game lasted 00:01:57 (393 turns).

jasper the Caller (Spriggan Summoner)                Turns: 393, Time: 00:01:58

Health: 13/13      AC:  2    Str:  4    XL:     2   Next: 10%
Magic:  6/6        EV: 16    Int: 16    God:
Gold:   8          SH:  0    Dex: 15    Spells: 5/6 levels left

rFire   . . .        (weapon restricted)
rCold   . . .        (no shield)
rNeg    . . .        a - +0 robe
rPois   .            (helmet restricted)
rElec   .            (no cloak)
rCorr   .            (gloves unavailable)
SInv    +            (boots unavailable)
Will    .....        (no amulet)
Stlth   ++           (no ring)
HPRegen 0.22/turn    (no ring)
MPRegen 0.10/turn

%: no passive effects
@: very quick
A: very small, no large weapons, unfitting armour, see invisible, speed 3
a: no special abilities


You were on level 1 of the Dungeon.
You visited 1 branch of the dungeon, and saw 1 of its levels.

You collected 8 gold pieces.

Inventory:

Armour
 a - a +0 robe (worn)
Scrolls
 d - a scroll of identify {unknown}
 e - a scroll of immolation {unknown}
 f - a scroll of brand weapon {unknown}
Potions
 b - a potion of magic
 c - a potion of heal wounds {unknown}


   Skills:
 - Level 3.0 Dodging
 - Level 3.3 Stealth
 - Level 2.9 Spellcasting
 + Level 3.4 Summonings


You had 5 spell levels left.
You knew the following spells:

 Your Spells              Type           Power      Damage    Failure   Level
a - Summon Small Mammal   Summ           52%        N/A       4%          1

Your spell library contained the following spells:

 Spells                   Type           Power      Damage    Failure   Level
 Call Imp                 Summ           26%        N/A       7%          2
 Call Canine Familiar     Summ           13%        N/A       14%         3
 Summon Blazeheart Golem  Fire/Summ      7%         N/A       67%         4
 Summon Lightning Spire   Summ/Air       7%         N/A       67%         4


Dungeon Overview and Level Annotations

Branches:
Dungeon (1/15)

Altars:

Annotations:
D:1 1 transporter


Innate Abilities, Weirdness & Mutations

You are very small and have problems with some larger weapons.
You are too small for most types of armour.
You have supernaturally acute eyesight. (SInv)
You cover ground extremely quickly. (Speed+++)


Message History

The jackal misses your bat.
Your bat hits the jackal but does no damage.
The jackal closely misses your bat.
Your bat hits the jackal but does no damage.
Your bat closely misses the jackal.
Your bat hits the jackal but does no damage.
The jackal misses your bat.
Your bat hits the jackal but does no damage.
Your bat misses the jackal.
Your bat barely misses the jackal.
The jackal closely misses your bat.
Your bat hits the jackal but does no damage.
Your bat misses the jackal. The jackal barely misses your bat.
Your bat hits the jackal. The jackal completely misses your bat.
Your bat closely misses the jackal.
Your bat barely misses the jackal.
Your bat hits the jackal but does no damage.
The jackal bites your bat.
Your bat misses the jackal.
Your bat hits the jackal but does no damage.
The jackal closely misses your bat.
Your bat closely misses the jackal.
The jackal misses your bat.
Your bat closely misses the jackal.
Your bat hits the jackal but does no damage.
Your bat misses the jackal. The jackal bites your bat.
Your bat dies!
Your bat's corpse disappears in a puff of smoke!
Your quokka bites the jackal.
The jackal dies!
Casting: Summon Small Mammal (safe; 4% risk of failure)
Press: ? - help, Q - select action Dir - look around, f - activate You now have 2/6 mp.
Your quokka disappears in a puff of smoke!
You swap places.
You see here a jackal corpse.
Your quokka disappears in a puff of smoke!
You open the door.
There is an open door here.
Found a whip.
MP restored: 6 Number of times to repeat, then command key: You must enter the number of times for the command to repeat.
Are you sure you want to abandon this character and quit the game? (Confirm with "yes".)

##########
#########......
#..............
#.#######......
########†# #......
.........#######......
......§............###
...................###
#######...............
#.@'...............
#.##............... #)
#............... #.
#............... #.
#...^........... #.
#............### #.
#............# #.
#######


There were no monsters in sight!

Vanquished Creatures (collateral kills)
  2 ball pythons (D:1)
  A goblin (D:1)
  A hobgoblin (D:1)
  2 jackals (D:1)
  A bat (D:1)
  2 rats (D:1)
9 creatures vanquished.

Notes
Turn   | Place    | Note
-------+----------+-------------------------------------------
     0 | D:1      | jasper the Spriggan Summoner began the quest for the Orb.
     0 | D:1      | Reached XP level 1. HP: 9/9 MP: 5/5
   338 | D:1      | Reached XP level 2. HP: 13/13 MP: 3/6
   393 | D:1      | Quit the game

Illustrated notes

Levels and vault maps discovered:
D:1:      spicycebolla_arrival_transporter_tutorial, layout_basic,
          serial_forest, infiniplex_forest_end_3, infiniplex_forest_straight_4,
          infiniplex_forest_clump_tiny, infiniplex_forest_lined_room_2,
          infiniplex_forest_straight_2, infiniplex_forest_clump_long,
          infiniplex_forest_lined_2, infiniplex_forest_straight_1,
          dreamdust_ecumenical_altar_angels_and_demons

Skill      XL: |  1 |
---------------+----+-----
Dodging        | 3 |  3.0
Stealth        | |  3.3
Spellcasting   | |  2.9
Summonings     | |  3.4

Action                     || total
---------------------------++-------
  Melee: Unarmed           ||     1
   Cast: Summon Small Mamm ||    16
 Armour: Robe              ||     2
  Dodge: Dodged            ||     4

Table legend: (Time is in decaauts)
 A = Elapsed time spent in this place.
 B = Non-inter-level travel time spent in this place.
 C = Inter-level travel time spent in this place.
 D = Time resting spent in this place.
 E = Time spent auto-exploring this place.
 F = Levels seen in this place.
 G = Mean time per level.
                   A        B        C        D        E       F      G
               +--------+--------+--------+--------+--------+-----+--------+
         Total |    312 |    312 |      0 |      0 |    208 |   1 |  312.0 |
       Dungeon |    312 |    312 |      0 |      0 |    208 |   1 |  312.0 |
               +--------+--------+--------+--------+--------+-----+--------+

Top non-repeatable levels by time:
     D:1: 312 daAuts
